 Dungeon Crawl Stone Soup version 0.30-a0-377-g5cb311bc9f (webtiles) character file.

Game seed: 15864741209546429881

27287 PyroL the Black Sun (level 13, -4/91 HPs)
             Began as a Demonspawn Necromancer on Nov 29, 2022.
             Was a High Priest of Kikubaaqudgha.
             Slain by a yak (12 damage)
             ... on level 1 of the Lair of Beasts.
             The game lasted 00:51:30 (15879 turns).

PyroL the Black Sun (Demonspawn Necromancer)       Turns: 15879, Time: 00:51:33

Health: -4/91      AC: 12    Str: 11    XL:     13   Next: 3%
Magic:  1/28       EV: 19    Int: 20    God:    Kikubaaqudgha [*****.]
Gold:   638        SH:  0    Dex: 13    Spells: 1/35 levels left

rFire   . . .      SeeInvis .    E - +1 trident (vamp)
rCold   + . .      Faith    .    (no shield)
rNeg    . . .      Spirit   .    a - +0 robe
rPois   .          Reflect  .    T - +2 hat
rElec   .          Harm     .    F - +1 cloak
rCorr   .          Rampage  .    A - +0 pair of gloves
Will    ++...                    B - +0 pair of boots
Stlth   ++........               z - amulet of the acrobat
HPRegen 0.35/turn                m - +4 ring of evasion
MPRegen 0.42/turn                e - ring of willpower

@: death channelling, animating dead
A: horns 2, icy blue scales 3, foul stench 2, magic regeneration, demonic
willpower
a: Renounce Religion, Unearth Wretches, Torment


You were on level 1 of the Lair of Beasts.
You worshipped Kikubaaqudgha.
Kikubaaqudgha was extremely pleased with you.
You visited 3 branches of the dungeon, and saw 14 of its levels.
You also visited: Ice Cave.

You collected 638 gold pieces.

Inventory:

Hand Weapons
 h - a +2 dagger of venom
 w - a +2 dagger of pain
 E - a +1 vampiric trident (weapon)
Missiles
 H - 7 throwing nets
 L - 3 boomerangs of dispersal
Armour
 a - a +0 robe (worn)
 A - a +0 pair of gloves (worn)
 B - a +0 pair of boots (worn)
 F - a +1 cloak (worn)
 T - a +2 hat (worn)
Jewellery
 e - a ring of willpower (right hand)
 m - a +4 ring of evasion (left hand)
 x - a ring of protection from fire
 z - an amulet of the acrobat (around neck)
 J - a ring of resist corrosion
 O - the ring of Piraocvoqo {Ice rPois Will- Dex+4}
   (You found it on level 10 of the Dungeon)

   [ring of ice]

   It enhances your ice magic.
   Dex:       It affects your dexterity (+4).
   rF:        It makes you vulnerable to fire.
   rC:        It protects you from cold.
   rPois:     It protects you from poison.
   Will:      It decreases your willpower.
 V - the amulet "Zehydi" {Faith rElec MP+9 Dex-2}
   (You found it on level 1 of the Lair of Beasts)

   [amulet of faith]

   It allows you to gain divine favour quickly.
   Dex:       It affects your dexterity (-2).
   rElec:     It insulates you from electricity.
   MP:        It affects your magic capacity (+9).
Wands
 t - a wand of flame (19)
 D - a wand of paralysis (29)
 I - a wand of roots (13)
 P - a wand of light (8)
Scrolls
 f - 2 scrolls of amnesia {unknown}
 g - 6 scrolls of enchant weapon
 k - 6 scrolls of teleportation
 o - a scroll of vulnerability {unknown}
 p - 3 scrolls of fear {unknown}
 q - 4 scrolls of enchant armour
 y - 2 scrolls of immolation
 G - 4 scrolls of poison
 M - 2 scrolls of butterflies {unknown}
 R - a scroll of silence {unknown}
 S - a scroll of identify
 U - 3 scrolls of magic mapping
Potions
 b - 3 potions of magic
 c - 3 potions of flight
 d - 2 potions of lignification
 i - 6 potions of curing
 j - 5 potions of heal wounds
 l - a potion of invisibility {unknown}
 n - 2 potions of cancellation {unknown}
 r - 3 potions of attraction
 s - 2 potions of berserk rage {unknown}
 u - 4 potions of haste
 v - 2 potions of ambrosia {unknown}
 C - a potion of might
 K - 5 potions of mutation
 W - a potion of brilliance {unknown}
Miscellaneous
 N - a condenser vane
 Q - a phantom mirror


   Skills:
 - Level 5.0 Fighting
 + Level 8.6 Dodging
 - Level 1.7 Stealth
 - Level 11.5 Spellcasting
 * Level 15.1 Necromancy
 + Level 6.2 Ice Magic
 + Level 3.1 Evocations


You had one spell level left.
You knew the following spells:

 Your Spells              Type           Power      Damage    Failure   Level
a - Necrotise             Necr           100%       1d9       0%          1
b - Vampiric Draining     Necr           64%        2d10      1%          3
c - Animate Dead          Necr           64%        N/A       1%          4
d - Kiss of Death         Conj/Necr      100%       2d13      1%          1
e - Borgnjor's Vile Clut  Necr/Erth      20%        N/A       8%          5
f - Death Channel         Necr           32%        N/A       1%          6
g - Anguish               Hex/Necr       20%        N/A       2%          4
h - Simulacrum            Ice/Necr       26%        N/A       11%         6
u - Dispel Undead         Necr           64%        3d22      1%          4

Your spell library contained the following spells:

 Spells                   Type           Power      Damage    Failure   Level
 Magic Dart               Conj           44%        1d5       6%          1
 Cigotuvi's Dreadful Rot  Necr/Pois/Air  62%        N/A       1%          2
 Sublimation of Blood     Necr           64%        N/A       1%          2
 Ozocubu's Armour         Ice            36%        N/A       1%          3
 Agony                    Necr           64%        N/A       1%          5
 Blink                    Tloc           22%        N/A       9%          2
 Momentum Strike          Conj/Tloc      22%        3d8       9%          2
 Searing Ray              Conj           22%        2d5       9%          2
 Wereblood                Tmut           11%        N/A       9%          2
 Summon Ice Beast         Ice/Summ       24%        N/A       16%         4
 Confusing Touch          Hex            11%        N/A       19%         3
 Inner Flame              Hex/Fire       11%        N/A       19%         3
 Lesser Beckoning         Tloc           22%        N/A       19%         3
 Metabolic Englaciation   Hex/Ice        12%        N/A       41%         5
 Flame Wave               Conj/Fire      11%        2d6       52%         4
 Fulminant Prism          Conj/Hex       5%         3d7       52%         4
 Sticky Flame             Conj/Fire      11%        2d3       52%         4
 Freezing Cloud           Conj/Ice/Air   9%         6-21      56%         5
 Infestation              Necr           32%        N/A       61%         8
 Haunt                    Necr/Summ      20%        N/A       92%         7
 Summon Hydra             Summ           5%         N/A       100%        7


Dungeon Overview and Level Annotations

Branches:
Dungeon (11/15)            Temple (1/1) D:5            Lair (2/5) D:8
    Orc (0/2) D:10          IceCv (visited)
  Swamp: Lair:2-3    Shoals: Lair:2-3     Snake: Lair:2-3    Spider: Lair:2-3

Altars:
Ashenzari
Cheibriados
Dithmenos
Fedhas
Gozag
Hepliaklqana
Kikubaaqudgha
Makhleb
Nemelex Xobeh
Okawaru
Qazlal
Ru
Sif Muna
Trog
Uskayaw
Vehumet
Wu Jian
Xom
Yredelemnul

Shops:
D:3 =   D:4 ![[*?   D:8 *(!*[   D:11 [


Innate Abilities, Weirdness & Mutations

You have a pair of horns on your head.
You are completely covered in icy blue scales. (AC +4, rC+)
You sometimes emit foul miasma when damaged in melee.
You regenerate magic rapidly.
You punish those that try to bend your will. (Will+)


Message History

Your blink frog zombie hits the boulder beetle!
Your spectral blink frog hits the boulder beetle but does no damage.
The water moccasin is engulfed in dark miasma.
The water moccasin bites you.
* * * LOW HITPOINT WARNING * * *
You are poisoned.
The water moccasin poisons you! The cane toad completely misses you.
Your blink frog zombie hits the boulder beetle.
The yak misses you.
The boulder beetle leaps!
The yak closely misses you. The yak misses you.
The blink frog blinks!
You climb upwards.
You feel very sick.
There is a stone staircase leading down here.
You closely miss the water moccasin.
The water moccasin is severely wounded.
You feel very sick.
The water moccasin completely misses you.
The cane toad stings you!
* * * LOW HITPOINT WARNING * * *
The yak gores you.
* * * LOW HITPOINT WARNING * * *
The yak is wracked by anguish.
The yak barely misses you. The yak closely misses you.
The water moccasin completely misses you.
You feel better. The cane toad completely misses you.
The water moccasin misses you. The yak gores you!
* * * LOW HITPOINT WARNING * * *
The yak is wracked by anguish!
The yak gores you but does no damage. The yak completely misses you.
The cane toad barely misses you.
Okay, then.
Casting: Vampiric Draining (safe; 1% risk of failure)
Confirm with . or Enter, or press ? or * to list all spells.
Aiming: Vampiric Draining (safe; 1% risk of failure)
Press: ? - help, Shift-Dir - straight line, f - yak
Aim: a yak (lightly wounded, anguished)
You draw life force from the yak!
You feel life coursing into your body! The water moccasin barely misses you.
The yak misses you. The yak barely misses you. The yak gores you!
You die...
Kikubaaqudgha rasps: "You have failed me!
Welcome... death!"

#...##.........................
##.Z###...P....................#
#.....#...#......P#.###...#.....
##...ZZ#...#P........###.).###P..
#..................#.......####..
##........#.#....................
#.....###..#....................
#.....# ##.#..Y...##....#.####..
##.....# ##.....@F..........# #..
.......# #..#..YYS..........# #..
≈§≈≈≈§.####.................# #..
≈###≈≈.##............[......# #..
≈##§≈≈......................###..
≈###≈≈.##.#.#..................<.
≈≈≈#≈≈.#P...#.................)..
≈≈≈≈≈≈.#....#................#...
..........#.................###..


You could see 3 yaks, a cane toad and a water moccasin.

Vanquished Creatures
  A frost giant (IceCv)
  A boulder beetle (D:9)
  2 two-headed ogres
  5 death yaks (IceCv)
  A cyclops (D:11)
  2 unseen horrors (D:11)
  2 rime drakes (IceCv)
  A troll (D:10)
  2 hornets
  A polar bear (IceCv)
  2 wraiths
  A spriggan (D:11)
  A shadow (D:10)
  A vampire (D:11)
  A wyvern (D:9)
  18 yaks
  3 steam dragons
  3 water moccasins
  3 ice beasts
  An orc warrior (D:10)
  3 ogres
  3 centaurs
  9 wolves
  A phantom (D:6)
  4 kobold brigands
  A necrophage (D:4)
  4 bullfrogs
  2 gnoll sergeants
  8 scorpions
  3 wights (D:7)
  11 killer bees (D:7)
  A howler monkey (D:6)
  4 jellies
  2 gnoll boudas (D:6)
  5 hounds
  2 orc priests
  Jessica (D:2)
  2 iguanas
  11 orc wizards
  A mummy (D:8)
  9 adders
  16 gnolls
  A shadow imp (D:6)
  A white imp (D:7)
  3 ufetubi
  A worm (D:2)
  2 dart slugs (D:1)
  32 orcs
  10 endoplasms
  3 giant cockroaches
  6 goblins
  5 hobgoblins
  4 jackals (D:3)
  33 kobolds
  8 quokkas
  7 ball pythons
  5 bats
  2 frilled lizards
  A kobold zombie (D:8)
  An orc zombie (D:8)
  2 rats
282 creatures vanquished.

Vanquished Creatures (collateral kills)
  4 death yaks (IceCv)
  A lindwurm (Lair:1)
  A black mamba (Lair:1)
  An ice statue (IceCv)
  A cane toad (Lair:1)
  2 rime drakes (IceCv)
  A polar bear (IceCv)
  A wyvern (Lair:1)
  10 yaks
  A fire elemental (Lair:1)
  A basilisk (Lair:1)
  A steam dragon (D:7)
  2 water moccasins (Lair:1)
  An orc warrior (D:9)
  2 wolves
  A bullfrog (D:7)
  A killer bee (D:7)
  An orc wizard (D:10)
  4 gnolls
  10 orcs (D:10)
  2 jackals (D:1)
  3 kobolds (D:9)
52 creatures vanquished.

Vanquished Creatures (others)
  Harold (D:9)
  2 two-headed ogres
  A molten gargoyle (Lair:1)
  A rime drake (IceCv)
  2 death yak zombies (IceCv)
  2 polar bears (IceCv)
  A blink frog (Lair:2)
  2 yaks (IceCv)
  An orc warrior (D:10)
  4 rime drake zombies (IceCv)
  3 wolves (IceCv)
  A gnoll sergeant (D:11)
  2 wyvern zombies
  6 yak zombies
  3 polar bear zombies (IceCv)
  5 wolf zombies (IceCv)
  An orc priest (D:10)
  2 orc wizards
  A scorpion zombie (D:6)
  3 killer bee zombies (D:7)
  An ogre zombie (D:7)
  A gnoll (D:11)
  13 gnoll zombies
  An adder zombie (D:6)
  13 orcs (D:10)
  A kobold (D:9)
  12 orc zombies
  2 fungi (Lair:1)
  2 plants (Lair:1)
90 creatures vanquished.

Grand Total: 424 creatures vanquished

Notes
Turn   | Place    | Note
-------+----------+-------------------------------------------
     0 | D:1      | PyroL the Demonspawn Necromancer began the quest for the
                  | Orb.
     0 | D:1      | Reached XP level 1. HP: 13/13 MP: 3/3
   209 | D:1      | Gained mutation: You are partially covered in icy blue
                  | scales. (AC +2) [demonic ancestry]
   209 | D:1      | Reached XP level 2. HP: 19/19 MP: 5/5
   668 | D:1      | Gained mutation: You are mostly covered in icy blue scales.
                  | (AC +3) [demonic ancestry]
   668 | D:1      | Reached XP level 3. HP: 24/24 MP: 2/7
   676 | D:1      | Reached skill level 5 in Necromancy
   935 | D:1      | Learned a level 3 spell: Vampiric Draining
  1349 | D:2      | Noticed Jessica
  1351 | D:2      | Killed Jessica
  1352 | D:2      | Reached XP level 4. HP: 30/30 MP: 5/8
  1360 | D:2      | Learned a level 4 spell: Animate Dead
  1365 | D:2      | Got Jessica's Book of Shifting
  1559 | D:2      | Learned a level 1 spell: Kiss of Death
  1904 | D:3      | Found Weodwifu's Jewellery Emporium.
  2392 | D:3      | Found an iron altar of Okawaru.
  2773 | D:4      | Found Oded's Distillery.
  2777 | D:4      | Found Kinyifov's Armour Shop.
  2805 | D:4      | Found Comifokk's Armour Boutique.
  2808 | D:4      | Found Meocs's Assorted Antiques.
  2888 | D:4      | Gained mutation: You may rarely emit foul miasma when
                  | damaged in melee. [demonic ancestry]
  2888 | D:4      | Reached XP level 5. HP: 31/35 MP: 10/10
  2939 | D:4      | Reached skill level 6 in Necromancy
  3171 | D:4      | Gained mutation: You have a pair of small horns on your
                  | head. [demonic ancestry]
  3171 | D:4      | Reached XP level 6. HP: 27/41 MP: 12/12
  3273 | D:4      | Found Jacaor's Magic Scroll Shop.
  3391 | D:4      | Found a sacrificial altar of Ru.
  3450 | D:5      | Entered Level 5 of the Dungeon
  3810 | D:5      | Learned a level 4 spell: Dispel Undead
  3957 | D:5      | Found a burning altar of Makhleb.
  4216 | D:5      | Found a sparkling altar of Nemelex Xobeh.
  4279 | D:5      | Reached skill level 7 in Necromancy
  4339 | D:5      | Reached skill level 5 in Spellcasting
  4372 | D:5      | Found a staircase to the Ecumenical Temple.
  4379 | Temple   | Entered the Ecumenical Temple
  4413 | Temple   | Became a worshipper of Kikubaaqudgha
  4896 | D:6      | Gained mutation: You sometimes emit foul miasma when
                  | damaged in melee. [demonic ancestry]
  4896 | D:6      | Reached XP level 7. HP: 45/46 MP: 14/14
  5158 | D:6      | Reached skill level 8 in Necromancy
  5379 | D:6      | Reached * piety under Kikubaaqudgha
  5379 | D:6      | Received a gift from Kikubaaqudgha
  5500 | D:6      | Gained mutation: You are completely covered in icy blue
                  | scales. (AC +4, rC+) [demonic ancestry]
  5500 | D:6      | Reached XP level 8. HP: 35/52 MP: 9/17
  5596 | D:6      | Reached skill level 9 in Necromancy
  6351 | D:7      | Reached skill level 10 in Necromancy
  6705 | D:7      | Reached XP level 9. HP: 55/57 MP: 16/19
  6788 | D:7      | Identified the +9 hand axe "Hecro" {venom, *Rage rN++}
  6789 | D:7      | Reached skill level 11 in Necromancy
  7555 | D:8      | Found a staircase to the Lair.
  7556 | D:8      | Found a shadowy altar of Dithmenos.
  7612 | D:7      | Reached ** piety under Kikubaaqudgha
  7613 | D:7      | Reached skill level 12 in Necromancy
  8173 | D:8      | Found Qeqoraqe's Weapon Boutique.
  8188 | D:8      | Found Axkein's General Store.
  8449 | D:8      | Noticed a two-headed ogre
  8463 | D:8      | Found Tumnium's Antique Armour Shop.
  8502 | D:8      | Killed a two-headed ogre
  8503 | D:8      | Reached skill level 13 in Necromancy
  8507 | D:8      | Gained mutation: You regenerate magic rapidly. [demonic
                  | ancestry]
  8507 | D:8      | Reached XP level 10. HP: 24/63 MP: 22/22
  8845 | D:8      | Found Somixunk's Assorted Antiques.
  9047 | D:8      | Found Udemp's Distillery.
  9133 | D:8      | Found a hide-covered altar of Uskayaw.
  9251 | D:9      | Noticed a boulder beetle
  9419 | D:9      | Killed a boulder beetle
  9608 | D:9      | Reached skill level 1 in Fighting
 10068 | D:9      | Noticed a two-headed ogre
 10081 | D:9      | Killed a two-headed ogre
 10082 | D:9      | Reached skill level 14 in Necromancy
 10162 | D:9      | Found a large runed translucent door.
 10580 | D:9      | Noticed Harold
 10593 | D:9      | Reached *** piety under Kikubaaqudgha
 10593 | D:9      | Received a gift from Kikubaaqudgha
 10772 | D:8      | Learned a level 6 spell: Death Channel
 10777 | D:8      | Learned a level 4 spell: Anguish
 10869 | D:9      | Killed Harold
 11203 | D:9      | Found a large runed translucent door.
 11227 | D:9      | Gained mutation: You punish those that try to bend your
                  | will. (Will+) [demonic ancestry]
 11227 | D:9      | Reached XP level 11. HP: 50/76 MP: 10/24
 11233 | D:9      | Found a hazy altar of Hepliaklqana.
 11374 | D:10     | Entered Level 10 of the Dungeon
 11405 | D:10     | Noticed a two-headed ogre
 11406 | D:10     | Found a stormy altar of Qazlal.
 11416 | D:10     | Killed a two-headed ogre
 11450 | D:10     | Identified the ring of Piraocvoqo {Ice rPois Will- Dex+4}
 11625 | D:10     | Found a staircase to the Orcish Mines.
 11660 | D:10     | Reached **** piety under Kikubaaqudgha
 12339 | D:10     | Learned a level 5 spell: Borgnjor's Vile Clutch
 12462 | D:11     | Reached skill level 5 in Fighting
 12462 | D:11     | Reached skill level 5 in Dodging
 12585 | D:11     | Found a frozen archway.
 12597 | IceCv    | Entered an ice cave
 12609 | IceCv    | Reached skill level 1 in Ice Magic
 12621 | IceCv    | Noticed a death yak
 12645 | IceCv    | Killed a death yak
 12739 | IceCv    | Noticed a death yak
 12740 | IceCv    | Noticed a death yak
 12743 | IceCv    | Noticed a death yak
 12748 | IceCv    | Killed a death yak
 12749 | IceCv    | Reached skill level 10 in Spellcasting
 12753 | IceCv    | Killed a death yak
 12761 | IceCv    | Killed a death yak
 13172 | IceCv    | Noticed a death yak
 13185 | IceCv    | Killed a death yak
 13291 | IceCv    | Gained mutation: You have a pair of horns on your head.
                  | [demonic ancestry]
 13291 | IceCv    | Reached XP level 12. HP: 53/86 MP: 23/26
 13398 | IceCv    | Noticed a death yak
 13399 | IceCv    | Noticed a death yak
 13408 | IceCv    | Noticed a death yak
 13414 | IceCv    | Killed a death yak
 13420 | IceCv    | Killed a death yak
 13422 | IceCv    | Killed a death yak
 13448 | IceCv    | Noticed a frost giant
 13463 | IceCv    | Noticed a death yak
 13467 | IceCv    | Killed a frost giant
 13468 | IceCv    | Reached skill level 5 in Ice Magic
 13473 | IceCv    | Killed a death yak
 13622 | IceCv    | Got the Vellum of the Snowflakes
 13856 | D:11     | Noticed a two-headed ogre
 13862 | D:11     | Killed a two-headed ogre
 13869 | D:11     | Reached ***** piety under Kikubaaqudgha
 14032 | D:11     | Found Riarroj's Antique Armour Shop.
 14054 | D:11     | Learned a level 6 spell: Simulacrum
 14648 | Lair:1   | Entered Level 1 of the Lair of Beasts
 14665 | Lair:1   | Reached skill level 1 in Evocations
 14910 | Lair:1   | Identified the amulet "Zehydi" {Faith rElec MP+9 Dex-2}
 14983 | Lair:1   | Reached skill level 15 in Necromancy
 15370 | Lair:1   | Reached XP level 13. HP: 91/91 MP: 28/28
 15878 | Lair:1   | HP: 1/91 [yak (10)]
 15879 | Lair:1   | Slain by a yak

Illustrated notes

Levels and vault maps discovered:
D:1:      minmay_arrival_solitary_statue, layout_basic, minmay_domino_2
D:2:      layout_basic, st_stairs_2, kennysheep_jessica_study
D:3:      layout_basic, nicolae_overflow_crystal_walls, serial_shops, shop,
          bh_walls_and_bars
D:4:      minmay_door_path, layout_rooms, nicolae_ru_path_of_blood,
          serial_shops, kennysheep_mini_moat, nicolae_shop_waterfront,
          nicolae_diamond_shop, nicolae_shop_waterfront, shop
D:5:      layout_gridville, mainiacjoe_overflow_catwalk,
          mainiacjoe_overflow_alcove_2, minmay_temple_entry_purple_smoke
D:6:      minmay_thinvault, layout_loops_ring
D:7:      layout_gridville, minivault_25, corexii_item_surrounded_by_moat,
          minmay_misc_feat_ornament, grunt_ogre_cave, roderic_lattice_a
D:8:      layout_cave_pools, nicolae_uskayaw_dance_studio,
          mainiacjoe_overflow_boulevard, lair_entry_dummy,
          nicolae_ossuary_entry_giza, serial_shops, nicolae_diamond_shop,
          nicolae_stop_n_shop_1, shop, shop_statue, shop, serial_glass,
          glass_columns_b, glass_columns_b
D:9:      layout_loops_ring, jmf_multi_god_temple2, serial_glass,
          glass_columns_c, glass_columns_a, uniq_harold
D:10:     layout_basic, nicolae_qazlal_scattered_showers, hiddenorc2_lemuel,
          nicolae_figureground_sparkle
D:11:     layout_rooms, portal_ice_cave_entry_pillars_1, serial_shops, shop,
          the_hattery
Temple:   oiseaux_autumnal_temple
Lair:1:   layout_gridlike
Lair:2:   regret_index_bee_streams, layout_long_grid, elwin_shoals_entry_rooms,
          minivault_19, hangedman_lair_generics_rect

Skill      XL: |  1  2  3  4  5  6  7  8  9 10 11 12 |
---------------+-------------------------------------+-----
Necromancy     | 5 6 7 8 10 13 14 15 | 15.1
Spellcasting   | 3 4 5 6 7 8 9 10 11 | 11.5
Dodging        | 4 7 8 |  8.6
Fighting       | 3 5 |  5.0
Ice Magic      | 3 6 |  6.2
Evocations     | 3 |  3.1
Stealth        | |  1.7

Action                   |  1- 3 |  4- 6 |  7- 9 | 10-12 | 13-15 || total
-------------------------+-------+-------+-------+-------+-------++-------
Melee: Trident           |    21 |       |   120 |   111 |    24 ||   276
       Unarmed           |     2 |       |       |       |       ||     2
       Dagger            |    14 |   130 |   181 |   392 |       ||   717
       Punch             |       |     2 |     3 |     8 |       ||    13
       Headbutt          |       |     6 |    58 |   138 |     4 ||   206
       Spear             |       |       |    22 |       |       ||    22
 Cast: Necrotise         |    41 |    47 |    27 |    42 |       ||   157
       Animate Dead      |       |     1 |    11 |     9 |     1 ||    22
       Vampiric Draining |       |       |    21 |     7 |     4 ||    32
       Dispel Undead     |       |       |     3 |     4 |       ||     7
       Anguish           |       |       |       |    26 |     2 ||    28
       Death Channel     |       |       |       |    14 |     1 ||    15
       Kiss of Death     |       |       |       |     1 |       ||     1
       Borgnjor's Vile C |       |       |       |    16 |       ||    16
       Simulacrum        |       |       |       |     1 |     2 ||     3
  Use: Scroll            |       |     5 |     2 |     6 |     2 ||    15
       Potion            |       |       |       |       |     1 ||     1
 Stab: Sleeping          |     2 |     5 |     2 |     1 |     1 ||    11
       Distracted        |       |       |     4 |     3 |       ||     7
Armor: Robe              |    15 |    52 |   104 |   147 |    21 ||   339
Dodge: Dodged            |    34 |   130 |   345 |   505 |    68 ||  1082

Table legend: (Time is in decaauts)
 A = Elapsed time spent in this place.
 B = Non-inter-level travel time spent in this place.
 C = Inter-level travel time spent in this place.
 D = Time resting spent in this place.
 E = Time spent auto-exploring this place.
 F = Levels seen in this place.
 G = Mean time per level.
                   A        B        C        D        E       F      G
               +--------+--------+--------+--------+--------+-----+--------+
         Total |  15988 |  15466 |    522 |   2280 |   9990 |  15 | 1065.9 |
       Dungeon |  13276 |  12813 |    463 |   1859 |   8399 |  11 | 1206.9 |
        Temple |    289 |    258 |     31 |      0 |    236 |   1 |  289.0 |
          Lair |   1257 |   1230 |     27 |      0 |   1017 |   2 |  628.5 |
      Ice Cave |   1165 |   1165 |      0 |    421 |    337 |   1 | 1165.0 |
               +--------+--------+--------+--------+--------+-----+--------+

Top non-repeatable levels by time:
     D:9: 2008 daAuts
     D:7: 1953 daAuts
     D:6: 1396 daAuts
     D:8: 1308 daAuts
  Lair:1: 1238 daAuts
   IceCv: 1165 daAuts
    D:11: 1051 daAuts
     D:5: 1030 daAuts
    D:10: 1024 daAuts
     D:1: 955 daAuts
     D:2: 914 daAuts
     D:3: 898 daAuts
     D:4: 734 daAuts
  Temple: 289 daAuts
  Lair:2: 18 daAuts
